Zazza, neutral female human Tourist --------- --------------- ####+......<| |..............######|.......| |.............|### #........| |.............|# ----.---- |.............| # -----------.-.- # # ### o#d # )#%G@############## ## ### -.---.----- +.........| |......>..| |.........| ----------- Zazza the Sightseer Experience level: 4 Strength: 11 Dexterity: 12 Constitution: 12 Intelligence: 14 Wisdom: 9 Charisma: 18 Health: 0(36) Energy: 15(15) Def: 3 Gold: 628 Moves: 3747 Dungeon seed: OatEdIdVUikEw6je Game ID: Zazza_1618671805 Your Inventory: Coins $ - 628 gold pieces Weapons a - 25 +2 darts (in quiver) x - a +0 dwarvish mattock y - a +0 dwarvish short sword B - a +0 orcish dagger D - 3 +0 elven daggers (wielded) Armor e - an uncursed +0 Hawaiian shirt n - an uncursed +0 orcish helm (being worn) q - an uncursed +2 dwarvish iron helm N - an uncursed +0 pair of high boots (being worn) Y - an uncursed +0 dwarvish cloak Comestibles c - 4 uncursed food rations f - an uncursed egg g - an uncursed tripe ration A - an uncursed banana Scrolls t - a blessed scroll of amnesia w - 2 uncursed scrolls of identify Potions b - an uncursed potion of speed h - an uncursed potion of extra healing r - a blessed potion of blindness v - an uncursed potion of monster detection U - a blessed potion of healing Z - a blessed potion of restore ability Rings p - a blessed +1 ring of increase accuracy Wands C - a wand of striking (0:5) Tools k - an expensive camera (0:97) l - an uncursed credit card s - an uncursed magic whistle G - an uncursed sack K - an uncursed mirror M - an uncursed brass lantern (0:1129) O - an uncursed towel Q - a frost horn (0:2) Gems z - an uncursed worthless piece of orange glass Contents of the sack: 884 gold pieces an uncursed spellbook of cone of cold an uncursed figurine of a gecko an uncursed figurine of a lichen an uncursed figurine of a lichen Spells and supernatural/magical abilities: Name Level Category Fail Memory W - pray for help -- divine ? -- Your skills at the end: Fighting Skills Weapon Skills dagger [Basic] dart [Basic] Spellcasting Skills Final Attributes: You were stridently aligned. You were telepathic. You are dead. Vanquished creatures: a small mimic a rock piercer 2 shriekers 3 floating eyes a dwarf a kobold lord 7 hill orcs a rothe a rabid rat a wererat a werejackal an iguana an acid blob 3 coyotes 3 hobbits 6 manes a large kobold 3 giant rats 2 yellow molds 2 red molds a gecko 2 jackals a fox a kobold 3 goblins 2 sewer rats 10 grid bugs 2 lichens 9 newts 73 creatures vanquished. Voluntary challenges: You used a wielded weapon 29 times, starting on turn 951. You read items or engraved 9 times, starting on turn 33. You never genocided any monsters. You never polymorphed an object. You changed form 1 time, starting on turn 2256. You used no wishes. You never split a pudding. You wrote Elbereth's name 3 times, starting on turn 675. You never violated your personal moral code. Dungeon overview: The Dungeons of Doom: levels 1 to 7 Level 1 a fountain a long staircase Level 2 some fountains stairs to The Gnomish Mines Level 3 a general store Level 4 a hardware shop, some fountains Level 5 a fountain Level 6 Level 7 <- You were here The Gnomish Mines: Level 3 stairs to The Dungeons of Doom History has recorded: On T:1 you entered the Dungeons of Doom to retrieve the Amulet of Yendor! On T:194 you reached level 2 of The Dungeons of Doom. On T:331 you reached level 1 of The Gnomish Mines. On T:503 you reached level 3 of The Dungeons of Doom. On T:1062 you advanced to experience level 2. On T:1192 you advanced to experience level 3. On T:1382 you reached level 4 of The Dungeons of Doom. On T:1846 you reached level 5 of The Dungeons of Doom. On T:2458 you reached level 6 of The Dungeons of Doom. On T:2810 you reached level 7 of The Dungeons of Doom. On T:3251 you advanced to experience level 4. Score breakdown: Gold: 1132 (10389 points) Experience: 4 levels ( 9649 points) Exploration: 7 levels ( 14.58%) (10718 points) Discoveries: 15 items ( 5.03%) ( 6730 points) Valuables value: (no points given unless you survive) Artifact value: 0 ( 0 points) Variety of kills: 29 monsters ( 7.61%) ( 8276 points) Turncount: 3747 turns ( -928 points) Survival: died (score multiplied by 80%) Total score: 35867 Latest messages: You see here an orcish dagger. The hill orc hits! You hear crashing rock. You have a little trouble lifting B - an orcish dagger. You hear some noises. The hill orc hits! You hear a door open. It is missed. (2x) It is hit. You hear a nearby zap. You displace your little dog. Never mind. The hill orc hits! You hear a hill orc reading a scroll labeled DUAM XNAHT. The gnome lord hurls a murky potion! The carafe crashes on your head and breaks into shards. This burns! The little dog bites the sewer rat. The sewer rat is killed! You hear a crunching sound. You hear some noises in the distance. The gnome lord hits! The hill orc hits! You die... Final status: Aloha Zazza the Tourist, killed by a hill orc... You died in The Dungeons of Doom on dungeon level 7 with 35867 points, and 1512 pieces of gold, after 3747 moves. You were level 4 with a maximum of 36 hit points when you died.